 Dungeon Crawl Stone Soup version 0.17.1-1-g73c8601 (webtiles) character file.

308 Genom09 the Changer (level 6, -1/43 HPs)
             Began as a Merfolk Transmuter on Dec 13, 2015.
             Slain by Pikel
             ... wielding a +0 whip of electrocution
              (10 damage)
             ... on level 5 of the Dungeon.
             The game lasted 00:20:56 (3452 turns).

Genom09 the Changer (Merfolk Transmuter)            Turns: 3452, Time: 00:20:56

Health: -1/43      AC:  3    Str: 12    XL:     6   Next: 40%
Magic:  3/9        EV: 14    Int: 12    God:
Gold:   200        SH:  0    Dex: 15    Spells: 3 memorised, 3 levels left

rFire  + . .     SeeInvis .       - Unarmed
rCold  x . .     Clarity  .     b - +0 robe
rNeg   + . .     SustAt   .     (no shield)
rPois  .         Gourm    .     (no helmet)
rElec  .         Spirit   .     (no cloak)
rCorr  .         Warding  +     k - +0 pair of gloves
rMut   .         Stasis   .     (no boots)
MR     .....                    z - amulet of warding
Stlth  +.........               (no ring)
                                g - ring of fire

@: not resistant to hostile enchantments, very unstealthy
A: change form in water, swift swim
a: no special abilities


You were on level 5 of the Dungeon.
You were very hungry.

You visited 1 branch of the dungeon, and saw 5 of its levels.
You also visited: Sewer.

You collected 200 gold pieces.

Inventory:

Missiles
 a - 6 arrows
Armour
 b - a +0 robe (worn)
 k - a +0 pair of gloves (worn)
 n - a +0 leather armour
 u - a +0 plate armour
 y - a +0 scale mail
Jewellery
 g - a ring of fire (left hand)
 z - an amulet of warding (around neck)
 D - an uncursed ring of fire
Wands
 A - a wand of fireball (9)
 E - a wand of frost (33)
Scrolls
 h - a scroll of noise {unknown}
 j - a scroll of enchant armour {unknown}
 o - 7 scrolls of identify {unknown}
 r - 4 scrolls of remove curse {unknown}
 s - a scroll of immolation {unknown}
 B - a scroll of teleportation {unknown}
 C - a scroll of magic mapping {unknown}
Potions
 e - a potion of brilliance {unknown}
 i - 3 potions of curing
 l - a potion of cure mutation {unknown}
 p - a potion of degeneration {unknown}
 q - a potion of flight {unknown}
 w - a potion of mutation {unknown}
 F - a potion of lignification {unknown}
Books
 c - a book of Changes

   Spells                             Type                      Level
   a - Beastly Appendage              Transmutation                1
   b - Sticks to Snakes               Transmutation                2
   c - Spider Form                    Transmutation/Poison         3
   d - Ice Form                       Ice/Transmutation            4
   e - Blade Hands                    Transmutation                5
Comestibles
 d - 4 bread rations
 f - 4 fruits
 m - 2 royal jellies
 t - a slice of pizza
 v - a meat ration
 x - 2 beef jerkies


   Skills:
 - Level 1.1 Fighting
 * Level 3.6 Dodging
 * Level 4.1 Unarmed Combat
 - Level 2.0 Spellcasting
 - Level 7.3 Transmutations
 - Level 1.6 Poison Magic


You had 3 spell levels left.
You knew the following spells:

 Your Spells              Type           Power        Failure   Level  Hunger
a - Beastly Appendage     Trmt           ###...       1%          1    ##.....
b - Sticks to Snakes      Trmt           ###.......   1%          2    ###....
c - Spider Form           Trmt/Pois      ##........   14%         3    ####...


Dungeon Overview and Level Annotations

Branches:
Dungeon (5/15)
 Temple: D:4-7

Altars:
Xom
The Shining One

Annotations:
D:4 Kloppie's ghost, amateur HOFi
D:5 Pikel


Message History

Your ball python bites Pikel.
Pikel closely misses your ball python.
You hit Pikel but do no damage.
Pikel is heavily wounded.
Your ball python bites Pikel but does no damage.
Your ball python constricts Pikel.
The slave hits your ball python.
Your ball python bites Pikel but does no damage.
Pikel misses you.
A slave comes into view.
You hit Pikel.
Pikel looks even sicker.
Pikel is severely wounded.
Your transformation has ended.
Your +0 pair of gloves unmelds from your body.
Your +0 robe unmelds from your body.
Your ball python barely misses the slave.
Your ball python constricts Pikel.
Your ball python bites Pikel but does no damage.
The quokka bites your ball python.
Your ball python dies!
Pikel hits you with a whip of electrocution!
You die...

.##.....#......#
...............#
######.#......#
##.###...##
#.######...##+###
#..........#
#######....#
#....# ##@S.#
####
#.Kp.##...##.
#r.^.........
#............
#............
#............
+..p.........
####p##...##. #.#
%..#


You could see Pikel, 3 slaves, a quokka and a friendly ball python.

Vanquished Creatures
  A slave (D:5)
  A crocodile (Sewer)
  A scorpion (D:4)
  Jessica (D:2)
  Natasha (twice) (D:2)
  A worker ant (D:4)
  5 adders
  2 oozes
  An adder skeleton (D:3)
  2 worms
  3 giant geckos
  A ball python (D:4)
  A giant cockroach (D:2)
  3 goblins (D:3)
  13 hobgoblins
  6 jackals
  6 kobolds
  4 bats
  7 giant newts
  A quokka (D:4)
  10 rats
72 creatures vanquished.

Vanquished Creatures (collateral kills)
  Natasha (D:2)
  2 giant cockroaches (D:3)
  2 jackals
  3 kobolds
8 creatures vanquished.

Grand Total: 80 creatures vanquished

Notes
Turn   | Place    | Note
--------------------------------------------------------------
     0 | D:1      | Genom09 the Merfolk Transmuter began the quest for the Orb.
     0 | D:1      | Reached XP level 1. HP: 15/15 MP: 3/3
   187 | D:1      | Reached XP level 2. HP: 21/21 MP: 3/5
   522 | D:1      | Reached skill level 4 in Transmutations
   599 | D:2      | Learned a level 2 spell: Sticks to Snakes
   783 | D:2      | Noticed Jessica
   796 | D:2      | Killed Jessica
   796 | D:2      | Reached skill level 5 in Transmutations
   796 | D:2      | Reached XP level 3. HP: 8/26 MP: 1/6
   801 | D:2      | Learned a level 3 spell: Spider Form
  1020 | D:2      | Noticed Natasha
  1029 | D:2      | Killed Natasha
  1029 | D:2      | Reached XP level 4. HP: 12/32 MP: 2/7
  1334 | D:2      | Noticed Natasha
  1343 | D:2      | Killed Natasha
  1343 | D:2      | Reached skill level 6 in Transmutations
  1346 | D:2      | Noticed Natasha
  1350 | D:2      | Killed Natasha
  1401 | D:2      | Found a glowing golden altar of the Shining One.
  1869 | D:3      | Reached XP level 5. HP: 37/37 MP: 8/8
  1879 | D:3      | Found a glowing drain.
  1907 | Sewer    | Entered a sewer
  1991 | Sewer    | Noticed a crocodile
  2004 | Sewer    | Killed a crocodile
  2004 | Sewer    | Reached skill level 7 in Transmutations
  2004 | Sewer    | Reached skill level 1 in Poison Magic
  2516 | D:3      | Reached XP level 6. HP: 16/43 MP: 5/9
  3190 | D:4      | Found a shimmering altar of Xom.
  3238 | D:4      | Noticed Kloppie's ghost (amateur HOFi)
  3349 | D:5      | Entered Level 5 of the Dungeon
  3441 | D:5      | Noticed Pikel
  3452 | D:5      | Slain by Pikel

Action                   |  1- 3 |  4- 6 || total
-------------------------+-------+-------++-------
Melee: Unarmed           |    88 |   187 ||   275
 Cast: Beastly Appendage |    15 |    30 ||    45
       Sticks to Snakes  |     4 |    18 ||    22
       Spider Form       |       |     7 ||     7
  Use: Potion            |       |     1 ||     1
 Stab: Distracted        |     1 |       ||     1
       Sleeping          |       |     1 ||     1
  Eat: Chunk             |     1 |    10 ||    11
